 Dungeon Crawl Stone Soup version 0.20.1-1-g8b1a95d (webtiles) character file.

254 Gatuga the Magician (level 5, 0/28 HPs)
             Began as a Deep Elf Earth Elementalist on July 28, 2017.
             Slain by a worm (10 damage)
             ... on level 3 of the Dungeon.
             The game lasted 00:17:42 (3048 turns).

Gatuga the Magician (Deep Elf Earth Elementalist)   Turns: 3048, Time: 00:17:43

Health: 0/28       AC:  2    Str:  5    XL:     5   Next: 90%
Magic:  13/14      EV: 13    Int: 21    God:
Gold:   122        SH:  0    Dex: 15    Spells: 13/14 levels left

rFire    . . .     SeeInvis .   a - +0 spear
rCold    . . .     Gourm    .   (no shield)
rNeg     . . .     Faith    .   c - +0 robe
rPois    .         Spirit   .   (no helmet)
rElec    .         Reflect  .   (no cloak)
rCorr    .         Harm     .   (no gloves)
MR       .....                  (no boots)
Stlth    ++........             (no amulet)
Regen    0.1/turn               (no ring)
MPRegen  0.2/turn               (no ring)

@: no status effects
A: no striking features
a: no special abilities


You were on level 3 of the Dungeon.
You were not hungry.

You visited 1 branch of the dungeon, and saw 3 of its levels.

You collected 122 gold pieces.

Inventory:

Hand Weapons
 a - a +0 spear (weapon)
Missiles
 b - 64 stones (quivered)
Armour
 c - a +0 robe (worn)
Jewellery
 f - an uncursed ring of flight
Potions
 h - a potion of ambrosia {unknown}
 k - a potion of curing {unknown}
 l - a potion of mutation {unknown}
 m - a potion of lignification {unknown}
 n - a potion of heal wounds {unknown}
Books
 e - a book of Geomancy

   Spells                             Type                      Level
   a - Sandblast                      Earth                        1
   b - Passwall                       Transmutation/Earth          2
   c - Stone Arrow                    Conjuration/Earth            3
   d - Petrify                        Transmutation/Earth          4
   e - Lee's Rapid Deconstruction     Earth                        5
Comestibles
 d - 3 bread rations
 g - 7 chunks of flesh
 i - 2 meat rations
 o - a royal jelly


   Skills:
 + Level 0.7 Fighting
   Level 0.6 Short Blades
 + Level 0.1 Polearms
 + Level 2.8 Dodging
 + Level 3.4 Stealth
 + Level 5.4 Spellcasting
   Level 1.1 Transmutations
 + Level 5.3 Earth Magic


You had 13 spell levels left.
You knew the following spells:

 Your Spells              Type           Power        Failure   Level  Hunger
a - Sandblast             Erth           ####..       1%          1    None


Dungeon Overview and Level Annotations

Branches:
Dungeon (3/15)

Altars:
Ashenzari
Elyvilon
Makhleb


Message History

The worm is moderately wounded.
The worm misses you.
You hit the worm.
The worm is moderately wounded.
The worm bites you.
You hit the worm.
The worm is heavily wounded.
You hit the worm but do no damage.
The worm is heavily wounded.
The worm bites you!
Casting: Sandblast
Confirm with . or Enter, or press ? or * to list all spells.
Aiming: Sandblast
Press: ? - help, Shift-Dir - straight line, f/p - worm
Aim: a worm (heavily wounded)
The blast of sand hits the worm.
The worm is severely wounded.
b - 64 stones The worm bites you!
You die...

.........##........#
).....≈≈.####.#.##.###
.._...≈≈)####.#......#
§.§...≈≈.#.##.#......#
.....≈≈..#..#........#
§§.≈≈≈...##.##.#.....#
§§8≈§....##..........#
..≈......#######.....#
.........# #@....#
.........# #w....#
.........# #...(.#
.........# #.....#
..######## ####### ###


You could see a worm.

Vanquished Creatures
  3 iron imps (D:3)
  6 gnolls
  3 adders
  An ooze (D:2)
  4 worms (D:2)
  3 dart slugs
  A leopard gecko (D:2)
  8 bats
  2 giant cockroaches (D:2)
  15 goblins
  4 hobgoblins
  3 jackals (D:3)
  2 ball pythons (D:1)
  3 frilled lizards (D:1)
  5 kobolds
  4 rats
67 creatures vanquished.

Vanquished Creatures (others)
  A quokka (D:3)
  A rat (D:3)
2 creatures vanquished.

Grand Total: 69 creatures vanquished

Notes
Turn   | Place    | Note
-------+----------+-------------------------------------------
     0 | D:1      | Gatuga the Deep Elf Earth Elementalist began the quest for the Orb.
     0 | D:1      | Reached XP level 1. HP: 10/10 MP: 6/6
   440 | D:1      | Reached XP level 2. HP: 7/15 MP: 6/8
  1155 | D:2      | Reached XP level 3. HP: 14/19 MP: 6/9
  1511 | D:2      | Reached XP level 4. HP: 24/24 MP: 9/11
  2172 | D:3      | Found a white marble altar of Elyvilon.
  2501 | D:3      | Found a shattered altar of Ashenzari.
  2617 | D:3      | Found a shattered altar of Ashenzari.
  2734 | D:3      | Found a burning altar of Makhleb.
  2757 | D:3      | Reached skill level 5 in Earth Magic
  2757 | D:3      | Reached XP level 5. HP: 28/28 MP: 3/13
  2777 | D:3      | Reached skill level 5 in Spellcasting
  3048 | D:3      | Slain by a worm

Skill      XL: |  1  2  3  4  5 |
---------------+----------------+-----
Earth Magic    | 4 5 |  5.3
Stealth        | 3 |  3.4
Spellcasting   | 4 5 |  5.4
Fighting       | |  0.7
Short Blades   | |  0.6
Polearms       | |  0.1
Dodging        | |  2.8
Transmutations | |  1.1

Action                   |  1- 3 |  4- 6 || total
-------------------------+-------+-------++-------
Melee: Spear             |    41 |    25 ||    66
       Short sword       |    17 |    33 ||    50
 Cast: Sandblast         |    25 |    56 ||    81
  Use: Scroll            |     3 |     3 ||     6
 Stab: Sleeping          |     4 |     2 ||     6
  Eat: Chunk             |     2 |     5 ||     7
Armor: Robe              |     9 |    14 ||    23
Dodge: Dodged            |    34 |    41 ||    75
